[Event "2024 Mary Thomson Cup (Division A)"]
[Site "Woodvale, Perth WA AUS"]
[Date "2024.03.14"]
[Round "3"]
[White "Gibson, Jacob"]
[Black "Wolstencroft, Alan"]
[Result "1/2-1/2"]
[ECO "B96"]
[WhiteElo "1976"]
[BlackElo "1900"]
[PlyCount "69"]
[EventDate "2024.01.31"]
[EventType "tourn"]
[EventRounds "7"]
[EventCountry "AUS"]
[TimeControl "3600+30"]

{Played at Metropolitan Chess Club} 1. e4 c5 2. Nf3 d6 3. d4 cxd4 4. Nxd4 Nf6
5. Nc3 a6 6. Bg5 e6 7. f4 Qc7 8. Bxf6 gxf6 9. Qf3 Be7 10. f5 Nc6 11. O-O-O Nxd4
12. Rxd4 Bd7 13. fxe6 fxe6 14. Qh5+ Kd8 15. Be2 Qc5 16. Rhd1 Qxh5 17. Bxh5 Rg8
18. g3 Rg5 19. Bf3 Rc8 20. Bg2 b5 21. Ne2 Rgc5 22. c3 Rc4 23. Kb1 a5 24. Rxc4
Rxc4 25. Nd4 b4 26. Bf1 Rc5 27. cxb4 axb4 28. Nb3 Re5 29. Bg2 Bc6 30. Rd4 d5
31. Na5 Ba8 32. Nc4 Rh5 33. exd5 Bc5 34. Rd3 Bxd5 35. Bxd5 1/2-1/2

[Event "2024 Mary Thomson Cup (Division A)"]
[Site "Woodvale, Perth WA AUS"]
[Date "2024.02.22"]
[Round "3"]
[White "Clarke, Daniel"]
[Black "Curthoys, Edward"]
[Result "1/2-1/2"]
[ECO "B18"]
[WhiteElo "1922"]
[BlackElo "1906"]
[PlyCount "41"]
[EventDate "2024.01.31"]
[EventType "tourn"]
[EventRounds "7"]
[EventCountry "AUS"]
[TimeControl "3600+30"]

{Played at Metropolitan Chess Club} 1. e4 c6 2. d4 d5 3. Nc3 dxe4 4. Nxe4 Bf5
5. Ng3 Bg6 6. Nf3 Nd7 7. Nh4 e6 8. Nxg6 hxg6 9. Be3 Bd6 10. Ne4 Be7 11. Qd2
Ngf6 12. Nxf6+ Nxf6 13. O-O-O Nd5 14. Kb1 Qc7 15. g3 O-O-O 16. Bg2 Nxe3 17.
Qxe3 Kb8 18. h4 Bf6 19. Rd3 Rd7 20. Rhd1 Rhd8 21. c3 1/2-1/2

[Event "2024 Mary Thomson Cup (Division B)"]
[Site "Woodvale, Perth WA AUS"]
[Date "2024.02.14"]
[Round "3"]
[White "Janceski, Alex"]
[Black "Deng, Eric"]
[Result "1/2-1/2"]
[ECO "E07"]
[WhiteElo "1887"]
[BlackElo "1733"]
[PlyCount "66"]
[EventDate "2024.01.31"]
[EventType "tourn"]
[EventRounds "7"]
[EventCountry "AUS"]
[TimeControl "3600+30"]

1. d4 Nf6 2. Nf3 e6 3. g3 d5 4. Bg2 Be7 5. O-O O-O 6. b3 c6 7. Bb2 b6 8. Nbd2
Bb7 9. c4 Nbd7 10. Rc1 dxc4 11. Nxc4 c5 12. dxc5 Nxc5 13. Nfe5 Bxg2 14. Kxg2
Qc7 15. Kg1 Rfd8 16. Qc2 Nd5 17. a3 a5 18. Nf3 Rac8 19. e4 Nf6 20. Nce5 Qb7 21.
Qe2 Nxb3 22. Rxc8 Rxc8 23. Ng5 Rf8 24. f3 h6 25. Nh3 Rd8 26. Rd1 Qc8 27. Rxd8+
Bxd8 28. Nf4 Qc5+ 29. Kg2 Qc7 30. Qd3 Nc5 31. Qd4 Be7 32. Nc4 Nb3 33. Qd3 Nc5
1/2-1/2

[Event "2024 Mary Thomson Cup (Division B)"]
[Site "Woodvale, Perth WA AUS"]
[Date "2024.02.14"]
[Round "3"]
[White "Balavignan, Ashvin"]
[Black "De Yaak, Peter"]
[Result "1-0"]
[ECO "D45"]
[WhiteElo "1839"]
[BlackElo "1897"]
[PlyCount "111"]
[EventDate "2024.01.31"]
[EventType "tourn"]
[EventRounds "7"]
[EventCountry "AUS"]
[TimeControl "3600+30"]

1. d4 d5 2. c4 c6 3. Nc3 Nf6 4. Nf3 e6 5. e3 Be7 6. Be2 h6 7. Qc2 b6 8. O-O O-O
9. Rd1 Ba6 10. b3 Nbd7 11. Bb2 Rc8 12. e4 dxe4 13. Nxe4 Bb7 14. Nc3 Qc7 15. h3
a6 16. Rac1 Rfd8 17. Qb1 Nh7 18. d5 exd5 19. cxd5 Ng5 20. dxc6 Qxc6 21. Nd5 Qe6
22. Nf4 Rxc1 23. Bxc1 Qe4 24. Qxe4 Nxe4 25. Bc4 b5 26. Bf1 Nc3 27. Rd2 Bxf3 28.
gxf3 Bg5 29. Rc2 Bxf4 30. Bxf4 Nd5 31. Bd2 Ne5 32. Kg2 Rd6 33. Be2 Ng6 34. Kg3
Nge7 35. a4 Rg6+ 36. Kh2 bxa4 37. bxa4 Re6 38. Bd3 g5 39. Rb2 Kg7 40. Rb7 Rd6
41. Bc4 Kg6 42. Ra7 Nb6 43. Bb4 Rd4 44. Rxa6 f6 45. Bxe7 Nxc4 46. Bxf6 Rd6 47.
Rxd6 Nxd6 48. Bd8 Kf5 49. a5 Nb5 50. Bb6 h5 51. a6 Kf4 52. Kg2 g4 53. fxg4 hxg4
54. hxg4 Kxg4 55. a7 Nxa7 56. Bxa7 1-0

[Event "2024 Mary Thomson Cup (Division B)"]
[Site "Woodvale, Perth WA AUS"]
[Date "2024.02.14"]
[Round "3"]
[White "Doshi, Chirag"]
[Black "Leonhardt, Wolfgang"]
[Result "1-0"]
[ECO "C10"]
[WhiteElo "1836"]
[BlackElo "1900"]
[PlyCount "59"]
[EventDate "2024.01.31"]
[EventType "tourn"]
[EventRounds "7"]
[EventCountry "AUS"]
[TimeControl "3600+30"]

1. e4 e6 2. d4 d5 3. Nc3 b6 4. exd5 exd5 5. Nf3 Nf6 6. Ne2 Be7 7. Ng3 O-O 8.
Bd3 c5 9. c3 Nc6 10. O-O Bg4 11. Be3 c4 12. Bc2 Bd6 13. h3 Bd7 14. Bg5 h6 15.
Bxf6 Qxf6 16. b3 b5 17. bxc4 bxc4 18. Rb1 Rab8 19. Ba4 Qd8 20. Re1 Qa5 21. Bxc6
Bxc6 22. Nf5 Ba3 23. Rxb8 Rxb8 24. Ne5 Ba4 25. Qg4 Bf8 26. Nxh6+ Kh7 27. Nhxf7
Rb6 28. Qh5+ Rh6 29. Nxh6 Be8 30. Nhf7+ 1-0

[Event "2024 Mary Thomson Cup (Division B)"]
[Site "Woodvale, Perth WA AUS"]
[Date "2024.02.14"]
[Round "3"]
[White "Gough, Dylan"]
[Black "Roebuck, Derek"]
[Result "0-1"]
[ECO "A25"]
[WhiteElo "1784"]
[BlackElo "1781"]
[PlyCount "60"]
[EventDate "2024.01.31"]
[EventType "tourn"]
[EventRounds "7"]
[EventCountry "AUS"]
[TimeControl "3600+30"]

1. c4 e5 2. Nc3 Nc6 3. e3 f5 4. Bd3 e4 5. Bc2 Nf6 6. Nge2 g5 7. Nd5 Nxd5 8.
cxd5 Nb4 9. Nd4 Qf6 10. d3 Nxc2+ 11. Qxc2 Bb4+ 12. Bd2 Bxd2+ 13. Qxd2 exd3 14.
Qxd3 O-O 15. Qc4 d6 16. Qxc7 Rf7 17. Qc3 Bd7 18. O-O Rc8 19. Qb3 g4 20. Rac1
Rxc1 21. Rxc1 f4 22. Ne6 f3 23. Rc4 Bxe6 24. dxe6 Qxe6 25. Qc3 Qf5 26. Rc8+ Rf8
27. Rxf8+ Kxf8 28. gxf3 gxf3 29. Kf1 Qb1+ 30. Qe1 Qd3+ 0-1

[Event "2024 Mary Thomson Cup (Division C)"]
[Site "Woodvale, Perth WA AUS"]
[Date "2024.02.14"]
[Round "3"]
[White "Oswald, Franz"]
[Black "Sethuraman, Jaswanth Ram"]
[Result "1/2-1/2"]
[ECO "E24"]
[WhiteElo "1693"]
[BlackElo "1557"]
[PlyCount "110"]
[EventDate "2024.01.31"]
[EventType "tourn"]
[EventRounds "7"]
[EventCountry "AUS"]
[TimeControl "3600+30"]

1. d4 d5 2. c4 e6 3. Nc3 Bb4 4. a3 Bxc3+ 5. bxc3 Nf6 6. Bg5 h6 7. Bh4 dxc4 8.
Bxf6 Qxf6 9. Nf3 O-O 10. e4 Rd8 11. Bxc4 c5 12. Qb3 cxd4 13. cxd4 Qg6 14. O-O
Qxe4 15. Rfe1 Qf5 16. Re5 Qf6 17. Rae1 Nc6 18. R5e4 Nxd4 19. Nxd4 Rxd4 20. R4e3
b6 21. Rf3 Qg6 22. Bd3 Qg5 23. Rg3 Qc5 24. Rge3 Bd7 25. Re5 Qd6 26. R5e3 Rc8
27. Be2 Ba4 28. Qb2 Rc2 29. Qa1 Rdd2 30. Rg3 f6 31. Qxf6 Qd7 32. Qe5 Rc5 33.
Qe3 Rcc2 34. Bg4 Rd6 35. h3 Rcc6 36. Bf3 Rc5 37. Qxh6 Bc6 38. Bxc6 Rdxc6 39.
Qe3 Rc3 40. Qxc3 Rxc3 41. Rxc3 Qd6 42. Rec1 e5 43. Re3 Kf7 44. Rce1 Kf6 45. h4
Qd4 46. g3 a5 47. Re4 Qc5 48. a4 Qd6 49. Kh2 Qe6 50. R1e2 g6 51. f4 Qb3 52.
fxe5+ Ke6 53. Kh3 Qf3 54. R2e3 Qf1+ 55. Kh2 Qf2+ 1/2-1/2

[Event "2024 Mary Thomson Cup (Division C)"]
[Site "Woodvale, Perth WA AUS"]
[Date "2024.02.14"]
[Round "3"]
[White "Browning, Thomas"]
[Black "Bhatia, Abhay"]
[Result "0-1"]
[ECO "C02"]
[WhiteElo "1644"]
[BlackElo "1730"]
[PlyCount "96"]
[EventDate "2024.01.31"]
[EventType "tourn"]
[EventRounds "7"]
[EventCountry "AUS"]
[TimeControl "3600+30"]

1. e4 c5 2. Nf3 Nc6 3. c3 e6 4. d4 d5 5. e5 c4 6. Bg5 Be7 7. h4 h6 8. Bf4 b5 9.
Nbd2 Qa5 10. Be2 b4 11. O-O bxc3 12. bxc3 Qxc3 13. Qa4 Bd7 14. Rfc1 Nxd4 15.
Qd1 Nxe2+ 16. Qxe2 Qa5 17. Nf1 Ba3 18. Bd2 Qc5 19. Be3 Qc7 20. Rc3 Bb4 21. Rcc1
c3 22. Bd4 Rc8 23. Ng3 Qa5 24. Nh5 g6 25. Nf6+ Nxf6 26. exf6 Ba3 27. Ne5 Bxc1
28. Rxc1 Bb5 29. Qe3 c2 30. Nxg6 Rh7 31. Ne7 Rc4 32. Qe5 Qc7 33. Qe3 Qb7 34. f4
Bd7 35. Qg3 Rh8 36. Qg7 Rf8 37. Ng6 Qb4 38. Bxa7 Qa3 39. Kh2 fxg6 40. Qxg6+ Kd8
41. Bb6+ Kc8 42. Qxh6 Be8 43. f5 Rxh4+ 44. Qxh4 Qxc1 45. Qb4 Rh8+ 46. Kg3 Qg5+
47. Kf2 Qxf5+ 48. Ke2 c1=Q 0-1

[Event "2024 Mary Thomson Cup (Division C)"]
[Site "Woodvale, Perth WA AUS"]
[Date "2024.03.13"]
[Round "3"]
[White "Akers, Gerard"]
[Black "Michael, Ashley"]
[Result "1-0"]
[ECO "B02"]
[WhiteElo "1643"]
[BlackElo "1560"]
[PlyCount "53"]
[EventDate "2024.01.31"]
[EventType "tourn"]
[EventRounds "7"]
[EventCountry "AUS"]
[TimeControl "3600+30"]

1. e4 Nf6 2. e5 Nd5 3. c4 Nb6 4. c5 Nd5 5. Bc4 e6 6. Nc3 Nxc3 7. dxc3 Bxc5 8.
Qg4 g6 9. Bh6 f5 10. Qe2 Nc6 11. Nf3 Bf8 12. Bf4 b6 13. O-O-O Bb7 14. Bxe6 dxe6
15. Rxd8+ Rxd8 16. Re1 Bg7 17. Bg5 Rd5 18. Rd1 Rxd1+ 19. Kxd1 h6 20. Bf6 Bxf6
21. exf6 Kf7 22. Qc4 Rd8+ 23. Ke1 Kxf6 24. b4 Rd7 25. Qe2 Rd5 26. c4 Nd4 27.
Qb2 1-0

[Event "2024 Mary Thomson Cup (Division C)"]
[Site "Woodvale, Perth WA AUS"]
[Date "2024.02.14"]
[Round "3"]
[White "Curtis, Calan"]
[Black "Hintz, Steven"]
[Result "1-0"]
[ECO "D00"]
[WhiteElo "1628"]
[BlackElo "1581"]
[PlyCount "53"]
[EventDate "2024.01.31"]
[EventType "tourn"]
[EventRounds "7"]
[EventCountry "AUS"]
[TimeControl "3600+30"]

1. d4 d5 2. Nc3 Bf5 3. Bf4 c6 4. e3 e6 5. Nf3 Nf6 6. Ne5 Nbd7 7. g4 Bg6 8. h4
h6 9. Nxg6 fxg6 10. Bd3 Kf7 11. e4 Bb4 12. e5 Nh7 13. Qf3 Ke7 14. Bxg6 Qf8 15.
g5 Kd8 16. gxh6 gxh6 17. Qg4 Kc7 18. a3 Be7 19. Qxe6 Qxf4 20. Qxe7 Nhf8 21. e6
Nxg6 22. Qxd7+ Kb6 23. Na4+ Ka5 24. Qxb7 Qe4+ 25. Kd2 Qxd4+ 26. Kc1 Qxa4 27.
b4+ 1-0

[Event "2024 Mary Thomson Cup (Division D)"]
[Site "Woodvale, Perth WA AUS"]
[Date "2024.02.14"]
[Round "3"]
[White "Weijermars, Tristan"]
[Black "Hounsome, David"]
[Result "1/2-1/2"]
[ECO "D01"]
[WhiteElo "1515"]
[BlackElo "1406"]
[PlyCount "64"]
[EventDate "2024.01.31"]
[EventType "tourn"]
[EventRounds "7"]
[EventCountry "AUS"]
[TimeControl "3600+30"]

1. Nc3 Nf6 2. Nf3 d5 3. d4 Nbd7 4. Bg5 b6 5. e3 Bb7 6. Bb5 c6 7. Bd3 e6 8. Ne5
Be7 9. Nxd7 Nxd7 10. Bxe7 Qxe7 11. O-O O-O 12. Ne2 c5 13. c3 e5 14. Bf5 Rfe8
15. Rc1 Rac8 16. Qd2 Rc7 17. Qd3 e4 18. Qd2 Nf6 19. Rfd1 c4 20. Nf4 g6 21. Bh3
h6 22. Qe2 Nh7 23. Qg4 Qg5 24. Qxg5 Nxg5 25. Bg4 {(=)} h5 26. Be2 Kg7 27. h4
Ne6 28. g3 Nxf4 29. gxf4 f6 30. Kh2 Kh6 31. Rg1 Rg8 32. Rg3 Rcg7 1/2-1/2

[Event "2024 Mary Thomson Cup (Division D)"]
[Site "Woodvale, Perth WA AUS"]
[Date "2024.02.14"]
[Round "3"]
[White "Boswarva, Ernest"]
[Black "Leech, Martin"]
[Result "1/2-1/2"]
[ECO "B13"]
[WhiteElo "1497"]
[BlackElo "1547"]
[PlyCount "174"]
[EventDate "2024.01.31"]
[EventType "tourn"]
[EventRounds "7"]
[EventCountry "AUS"]
[TimeControl "3600+30"]

1. d4 d5 2. Nf3 c5 3. e3 cxd4 4. exd4 Nf6 5. Bd3 Bg4 6. h3 Bh5 7. Nbd2 e6 8.
O-O Nc6 9. Qe1 Bd6 10. c3 O-O 11. Ne5 Nd7 12. f4 Qb6 13. Nxd7 Qc7 14. Nxf8 Rxf8
15. Qg3 Ne7 16. Qg5 Bg6 17. Bxg6 Nxg6 18. g3 f5 19. Qh5 Rf6 20. Qe2 Bxf4 21.
gxf4 Nxf4 22. Rxf4 Qxf4 23. Nf3 Qg3+ 24. Qg2 Rg6 25. Qxg3 Rxg3+ 26. Kf2 Rxh3
27. Bf4 h6 28. Kg2 Rh5 29. Rh1 Rxh1 30. Kxh1 g5 31. Bb8 a6 32. Kg2 Kf8 33. b3
Ke7 34. c4 dxc4 35. bxc4 g4 36. Nh4 Kd7 37. d5 exd5 38. cxd5 b5 39. Nxf5 h5 40.
Bg3 a5 41. Ng7 h4 42. Bf4 b4 43. Nf5 a4 44. Nxh4 b3 45. axb3 axb3 46. Be5 b2
47. Bxb2 Kd6 48. Kg3 Kxd5 49. Kxg4 Ke4 50. Nf5 Kd5 51. Ne3+ Ke4 52. Nf5 Kd5 53.
Kf4 Kc6 54. Ke4 Kb5 55. Kd4 Kc6 56. Ba3 Kd7 57. Ng7 Kc6 58. Kc4 Kd7 59. Kd5 Kc7
60. Bc5 Kd7 61. Nf5 Kc7 62. Ne7 Kb7 63. Bb4 Ka6 64. Kc5 Kb7 65. Ba5 Kb8 66. Kc6
Ka7 67. Kb5 Kb7 68. Nc6 Ka8 69. Nd8 Kb8 70. Kc6 Ka8 71. Bb6 Kb8 72. Nb7 Ka8 73.
Nd6 Kb8 74. Kc5 Ka8 75. Bc7 Ka7 76. Kb5 Ka8 77. Nc4 Kb7 78. Bb6 Kb8 79. Kc6 Ka8
80. Nd6 Kb8 81. Nb5 Ka8 82. Nc7+ Kb8 83. Na6+ Ka8 84. Nc5 Kb8 85. Kd7 Ka8 86.
Bc7 Ka7 87. Kc8 Ka8 1/2-1/2

[Event "2024 Mary Thomson Cup (Division D)"]
[Site "Woodvale, Perth WA AUS"]
[Date "2024.02.14"]
[Round "3"]
[White "Hagendoorn, Mark"]
[Black "Walker, Colin"]
[Result "1-0"]
[ECO "B06"]
[WhiteElo "1483"]
[BlackElo "1429"]
[PlyCount "123"]
[EventDate "2024.01.31"]
[EventType "tourn"]
[EventRounds "7"]
[EventCountry "AUS"]
[TimeControl "3600+30"]

1. e4 d6 2. d4 c6 3. Nc3 g6 4. Be3 Bg7 5. Qd2 Nd7 6. Bc4 Ndf6 7. f3 h5 8. Nge2
Bh6 9. O-O-O Bxe3 10. Qxe3 Nd7 11. e5 Nb6 12. Bb3 e6 13. exd6 Qxd6 14. Ne4 Qe7
15. N2c3 Nd5 16. Qf2 Ngf6 17. Rhe1 Nxc3 18. Nxc3 O-O 19. Qg3 Nh7 20. d5 Qg5+
21. Qxg5 Nxg5 22. f4 Nh7 23. dxe6 Bxe6 24. Bxe6 fxe6 25. Rxe6 Kg7 26. g3 Rfe8
27. Red6 Nf6 28. h3 Re3 29. R6d3 Rae8 30. b3 Rxd3 31. Rxd3 Re1+ 32. Kb2 Re7 33.
a4 Kf7 34. b4 Ne8 35. Nd1 Nf6 36. c4 b6 37. Ne3 Ne4 38. Nd1 Kf6 39. g4 hxg4 40.
hxg4 Kg7 41. Nc3 Nf6 42. g5 Nh5 43. Rf3 Rf7 44. Ne2 Re7 45. Nd4 Re4 46. Kc3 c5
47. bxc5 bxc5 48. Nb3 Nxf4 49. Nxc5 Re5 50. Kd4 Rf5 51. Rb3 Ne2+ 52. Ke3 Rxc5
53. Kxe2 Rxc4 54. Rb7+ Kg8 55. Rxa7 Rc5 56. a5 Rxg5 57. Kf3 Rf5+ 58. Ke4 Kf8
59. a6 Ke8 60. Ra8+ Kd7 61. Rh8 Ra5 62. a7 1-0

[Event "2024 Mary Thomson Cup (Division D)"]
[Site "Woodvale, Perth WA AUS"]
[Date "2024.03.01"]
[Round "3"]
[White "Knight, Charles"]
[Black "Nauom, Rafik"]
[Result "0-1"]
[ECO "B40"]
[WhiteElo "1474"]
[BlackElo "1445"]
[PlyCount "89"]
[EventDate "2024.01.31"]
[EventType "tourn"]
[EventRounds "7"]
[EventCountry "AUS"]
[TimeControl "3600+30"]

{Played away from club} 1. e4 c5 2. d4 e6 3. Nf3 Ne7 4. dxc5 Qa5+ 5. Nc3 Qxc5
6. Be3 Qb4 7. Bd4 d5 8. a3 Qa5 9. b4 Qd8 10. exd5 Nxd5 11. Nxd5 Qxd5 12. c4
Qe4+ 13. Be2 Nc6 14. O-O Be7 15. Bd3 Qf4 16. Be3 Qc7 17. Qe2 h6 18. Rad1 g5 19.
Qb2 Rf8 20. Qg7 b6 21. Qxh6 g4 22. Bf4 Bd6 23. Bxd6 Qxd6 24. Bf5 Qc7 25. Bxg4
Bd7 26. Qf6 Qd8 27. Qxd8+ Rxd8 28. Rfe1 f5 29. Bh5+ Ke7 30. Ne5 Nxe5 31. Rxe5
Bc6 32. Rxd8 Rxd8 33. h3 Be4 34. g4 Kf6 35. f4 Rd1+ 36. Kf2 Rd2+ 37. Kg3 Rd3+
38. Kh4 Rxa3 39. g5+ Ke7 40. b5 Bg2 41. g6 Kf6 42. Bg4 fxg4 43. Kxg4 Bxh3+ 44.
Kh5 Bf5 45. Rxf5+ 0-1

[Event "2024 Mary Thomson Cup (Division E)"]
[Site "Woodvale, Perth WA AUS"]
[Date "2024.02.14"]
[Round "3"]
[White "Otis, Max"]
[Black "Young, Manfred"]
[Result "1-0"]
[ECO "B00"]
[WhiteElo "1348"]
[BlackElo "1205"]
[PlyCount "73"]
[EventDate "2024.01.31"]
[EventType "swiss"]
[EventRounds "7"]
[EventCountry "AUS"]
[TimeControl "3600+30"]

1. e4 d6 2. d4 Nc6 3. Nf3 a6 4. Nc3 Bg4 5. Be3 e5 6. d5 Na7 7. Be2 Nf6 8. h3
Bh5 9. g4 Bg6 10. Bd3 Be7 11. Qd2 O-O 12. g5 Nh5 13. Nh4 h6 14. Nxg6 fxg6 15.
gxh6 Nf4 16. hxg7 Kxg7 17. Ne2 Ng2+ 18. Kf1 Nxe3+ 19. Qxe3 Bg5 20. Qg3 Bh4 21.
Qg4 Qf6 22. f4 Bg5 23. f5 Rae8 24. h4 Rh8 25. h5 Ref8 26. Kg2 Rxh5 27. Rxh5
gxh5 28. Qxh5 Rh8 29. Qf3 Qh6 30. Qg3 Kf6 31. Rf1 Kf7 32. c4 Rg8 33. Rh1 Qf6
34. Kf1 Bh6 35. Qf2 Bg5 36. Qxa7 Bf4 37. Qxb7 1-0

[Event "2024 Mary Thomson Cup (Division E)"]
[Site "Woodvale, Perth WA AUS"]
[Date "2024.02.14"]
[Round "3"]
[White "Lanham, Bruce"]
[Black "Overste, Brian"]
[Result "1-0"]
[ECO "D02"]
[WhiteElo "1255"]
[BlackElo "981"]
[PlyCount "90"]
[EventDate "2024.01.31"]
[EventType "swiss"]
[EventRounds "7"]
[EventCountry "AUS"]
[TimeControl "3600+30"]

1. Nf3 Nc6 2. d4 d5 3. g3 Bg4 4. Bg2 Bxf3 5. Bxf3 e5 6. dxe5 Bb4+ 7. c3 Ba5 8.
Bxd5 Nxe5 9. Bxb7 Qxd1+ 10. Kxd1 Rd8+ 11. Kc2 Nf6 12. Bg5 Rb8 13. Bg2 Nfg4 14.
Be3 Nxe3+ 15. fxe3 Bb6 16. e4 O-O 17. Nd2 Be3 18. Nf3 Ng4 19. Nd4 Bxd4 20. cxd4
Ne3+ 21. Kd3 Ng4 22. Rac1 Rfc8 23. h3 Nf6 24. b3 Rb4 25. Rc4 Rb5 26. Rhc1 Ne8
27. e5 c5 28. Rxc5 Rbxc5 29. Rxc5 Rd8 30. Ra5 a6 31. Rxa6 Nc7 32. Rd6 Rb8 33.
Bd5 g6 34. Rd7 Nxd5 35. Rxd5 Rc8 36. Rc5 Rb8 37. Kc4 Kg7 38. a4 Kh6 39. b4 Kg5
40. e6+ Kf6 41. exf7 Kxf7 42. Rc7+ Kg8 43. e4 Rf8 44. a5 Rf1 45. Rb7 Rf3 1-0

[Event "2024 Mary Thomson Cup (Division E)"]
[Site "Woodvale, Perth WA AUS"]
[Date "2024.02.14"]
[Round "3"]
[White "Powell, Darren"]
[Black "Frankland, David"]
[Result "1-0"]
[ECO "A40"]
[WhiteElo "1303"]
[BlackElo "1174"]
[PlyCount "84"]
[EventDate "2024.01.31"]
[EventType "swiss"]
[EventRounds "7"]
[EventCountry "AUS"]
[TimeControl "3600+30"]

1. d4 e6 2. c4 Bb4+ 3. Nd2 Nc6 4. e3 Nf6 5. a3 Bxd2+ 6. Bxd2 O-O 7. Bd3 d5 8.
b3 b6 9. Nf3 h6 10. O-O a5 11. Qe2 Re8 12. Ne5 Nxe5 13. dxe5 Nd7 14. Bc3 Nc5
15. Bc2 Bb7 16. Rad1 Qe7 17. b4 Ne4 18. Qd3 dxc4 19. Qxc4 b5 20. Qd3 Red8 21.
Bd4 a4 22. f3 Ng5 23. f4 Ne4 24. f5 f6 25. Qe2 Rxd4 26. Rxd4 Nc3 27. Qg4 Nd5
28. Rf3 Nxb4 29. Rxb4 Bxf3 30. Qxf3 Rd8 31. Rd4 Rb8 32. Qe4 Qxa3 33. fxe6 f5
34. Qf3 Qc1+ 35. Bd1 g6 36. e7 Re8 37. Qd5+ Kg7 38. Rd3 Rxe7 39. Qd8 Kf7 40.
Qd5+ Re6 41. Qxb5 c6 42. Qb8 Rxe5 1-0

[Event "2024 Mary Thomson Cup (Division E)"]
[Site "Woodvale, Perth WA AUS"]
[Date "2024.02.14"]
[Round "3"]
[White "Markou, Victor"]
[Black "Porteus, Grant"]
[Result "1-0"]
[ECO "B10"]
[WhiteElo "1004"]
[BlackElo "1184"]
[PlyCount "85"]
[EventDate "2024.01.31"]
[EventType "swiss"]
[EventRounds "7"]
[EventCountry "AUS"]
[TimeControl "3600+30"]

1. e4 c6 2. d3 e5 3. Nf3 Qc7 4. g3 Bd6 5. Nbd2 Nf6 6. Bg2 Bc5 7. O-O d6 8. Nb3
Bb6 9. Re1 Bg4 10. Be3 Nbd7 11. h3 Bxe3 12. Rxe3 Bh5 13. g4 Nxg4 14. hxg4 Bxg4
15. Qd2 h5 16. Nh2 Nf6 17. Nxg4 hxg4 18. Rg3 Qd7 19. Nc1 Nh5 20. Re3 Qe7 21.
Ne2 Qh4 22. Ng3 g6 23. Qb4 O-O-O 24. Qb3 Rdf8 25. Qa3 Kc7 26. Kf1 f5 27. Re2
Nf4 28. exf5 Nxe2 29. Kxe2 gxf5 30. Qxa7 f4 31. Qa5+ Kd7 32. Rh1 f3+ 33. Kf1
Qg5 34. Qb4 Qc1+ 35. Qe1 fxg2+ 36. Kxg2 Rxh1 37. Qxh1 Qxc2 38. Qh7+ Kc8 39. Nf5
Qc5 40. Ne7+ Kd8 41. Qh4 Ke8 42. Ng6 Rg8 43. Qe7# 1-0

[Event "2024 Mary Thomson Cup (Division E)"]
[Site "Woodvale, Perth WA AUS"]
[Date "2024.02.14"]
[Round "3"]
[White "Bordas, Lindsay"]
[Black "May, Wendy"]
[Result "1/2-1/2"]
[ECO "C44"]
[WhiteElo "1164"]
[BlackElo "899"]
[PlyCount "114"]
[EventDate "2024.01.31"]
[EventType "swiss"]
[EventRounds "7"]
[EventCountry "AUS"]
[TimeControl "3600+30"]

1. e4 e5 2. Nf3 Nc6 3. Bc4 Bc5 4. d4 exd4 5. Ng5 Nh6 6. Qf3 f6 7. Nh3 Nb4 8.
Na3 d6 9. Bxh6 gxh6 10. Qh5+ Kd7 11. Qf7+ Qe7 12. Nf4 Qxf7 13. Bxf7 Ke7 14. Bc4
a6 15. O-O b5 16. Bd3 Nxd3 17. cxd3 Bxa3 18. bxa3 c5 19. Nd5+ Kf7 20. Nb6 Ra7
21. Nxc8 Rxc8 22. f4 a5 23. e5 dxe5 24. fxe5 Re8 25. exf6 Re3 26. Rad1 b4 27.
a4 Re2 28. Rc1 Rc7 29. Rf5 Rxa2 30. Rcxc5 Rxc5 31. Rxc5 Rxa4 32. Rc4 Kxf6 33.
Rxd4 Ra1+ 34. Kf2 Rb1 35. Rd6+ Kg5 36. Rd5+ Kg6 37. Rxa5 b3 38. Rb5 b2 39. d4
Rd1 40. Rxb2 Rxd4 41. Ke3 Rh4 42. h3 Rh5 43. Rb6+ Kg7 44. Kf4 Rh4+ 45. Kg3 Rh5
46. Kg4 Rg5+ 47. Kf3 h5 48. Rb7+ Kh6 49. Rf7 h4 50. Rf4 Kh5 51. Rf7 h6 52. Rf6
Rg3+ 53. Kf2 Kg5 54. Rf3 Rxf3+ 55. Kxf3 h5 56. Ke4 Kg6 57. Kf4 Kf6 1/2-1/2

[Event "2024 Mary Thomson Cup (Division E)"]
[Site "Woodvale, Perth WA AUS"]
[Date "2024.02.14"]
[Round "3"]
[White "Rennie, Mike"]
[Black "Gough, Sebastian"]
[Result "0-1"]
[ECO "B30"]
[WhiteElo "962"]
[BlackElo "1206"]
[PlyCount "76"]
[EventDate "2024.01.31"]
[EventType "swiss"]
[EventRounds "7"]
[EventCountry "AUS"]
[TimeControl "3600+30"]

1. e4 c5 2. d3 Nc6 3. Nf3 b6 4. Be3 Bb7 5. Nc3 g6 6. Be2 Bg7 7. O-O e6 8. Qd2
Qc7 9. Bf4 d6 10. a4 e5 11. Bg3 Nge7 12. b3 O-O 13. Bh4 f5 14. Ng5 Qd7 15. Nd5
Nxd5 16. exd5 Nd4 17. Ne6 Nxe6 18. dxe6 Qxe6 19. Bf3 e4 20. Qe2 Bxa1 21. Rxa1
Qe5 22. dxe4 Qxa1+ 23. Qf1 Qxf1+ 24. Kxf1 Bxe4 25. Be7 Rfe8 26. Bxd6 Bxc2 27.
Bxa8 Rxa8 28. a5 Bxb3 29. axb6 axb6 30. Bc7 Re8 31. g3 Bc4+ 32. Kg2 Bd5+ 33.
Kh3 Re4 34. f4 Re2 35. Bxb6 c4 36. Bd4 Kf7 37. Kh4 Rxh2+ 38. Kg5 h6# 0-1

[Event "2024 Mary Thomson Cup (Division A)"]
[Site "Woodvale, Perth WA AUS"]
[Date "2024.02.21"]
[Round "4"]
[White "Elkington, Derek"]
[Black "Curthoys, Edward"]
[Result "1-0"]
[ECO "B12"]
[WhiteElo "1896"]
[BlackElo "1906"]
[PlyCount "125"]
[EventDate "2024.01.31"]
[EventType "tourn"]
[EventRounds "7"]
[EventCountry "AUS"]
[TimeControl "3600+30"]

1. e4 c6 2. d4 d5 3. e5 c5 4. c3 Nc6 5. f4 e6 6. Nf3 Qb6 7. Be2 cxd4 8. cxd4
Bb4+ 9. Nc3 Nge7 10. Be3 Nf5 11. Bf2 h5 12. Rb1 Bd7 13. a3 Bxc3+ 14. bxc3 Qa5
15. Qb3 Rc8 16. Rc1 Rc7 17. Bd3 Nce7 18. Nh4 Nh6 19. h3 O-O 20. Be3 Ba4 21. Qb2
Rc6 22. Qb4 Qxb4 23. axb4 Rfc8 24. Bd2 Nhf5 25. Nxf5 Nxf5 26. Ra1 b5 27. Bxf5
exf5 28. Ke2 a6 29. Ra3 Rg6 30. Kf2 Bc2 31. g3 Be4 32. Rha1 Rcc6 33. h4 Kf8 34.
Re1 Bd3 35. Re3 Bc2 36. Ra1 Ke7 37. Rc1 Bb3 38. Rce1 Rce6 39. Ra1 Bc2 40. Be1
Rc6 41. Ke2 Bb3 42. Kd2 Bc4 43. Bf2 Rc8 44. e6 Rc6 45. exf7+ Kxf7 46. Re5 Rge6
47. Rxf5+ Rf6 48. Re5 g6 49. Rae1 Bb3 50. Ke3 Rfe6 51. Kf3 Bc4 52. Kg2 Bd3 53.
Rxd5 Rxe1 54. Bxe1 Bf5 55. Re5 Rb6 56. d5 Rd6 57. Bf2 Bd3 58. Bc5 Rd8 59. d6
Bf5 60. Re7+ Kg8 61. Kf2 Kh8 62. Ke3 Bc8 63. Kd4 1-0

[Event "2024 Mary Thomson Cup (Division A)"]
[Site "Woodvale, Perth WA AUS"]
[Date "2024.02.21"]
[Round "4"]
[White "Wolstencroft, Alan"]
[Black "Clarke, Daniel"]
[Result "0-1"]
[ECO "C90"]
[WhiteElo "1900"]
[BlackElo "1922"]
[PlyCount "80"]
[EventDate "2024.01.31"]
[EventType "tourn"]
[EventRounds "7"]
[EventCountry "AUS"]
[TimeControl "3600+30"]

1. e4 e5 2. Nf3 Nc6 3. Bb5 a6 4. Ba4 Nf6 5. d3 b5 6. Bb3 Be7 7. c3 d6 8. O-O
O-O 9. Re1 Na5 10. Bc2 c5 11. Nbd2 Nc6 12. Nf1 Re8 13. Ng3 Bf8 14. h3 Ne7 15.
Bg5 Ng6 16. d4 cxd4 17. cxd4 h6 18. Be3 exd4 19. Nxd4 Bb7 20. f3 Ne5 21. b3 Rc8
22. Qd2 d5 23. f4 Nc6 24. e5 Bb4 25. Qd3 Nxd4 26. Bxd4 Bxe1 27. exf6 Rxc2 28.
Qxc2 Bxg3 29. fxg7 Bxf4 30. Rf1 Be3+ 31. Bxe3 Rxe3 32. Qf5 Qe7 33. Qf4 Kxg7 34.
Qd4+ Kg8 35. Qf4 Re6 36. Qb8+ Kh7 37. Qf4 Rg6 38. Qd4 Qe6 39. h4 Kg8 40. h5 Qb6
0-1

[Event "2024 Mary Thomson Cup (Division A)"]
[Site "Woodvale, Perth WA AUS"]
[Date "2024.02.21"]
[Round "4"]
[White "Maris, Rob"]
[Black "Gibson, Jacob"]
[Result "1-0"]
[ECO "B73"]
[WhiteElo "2089"]
[BlackElo "1976"]
[PlyCount "51"]
[EventDate "2024.01.31"]
[EventType "tourn"]
[EventRounds "7"]
[EventCountry "AUS"]
[TimeControl "3600+30"]

1. e4 c5 2. Nf3 d6 3. d4 cxd4 4. Nxd4 Nf6 5. Nc3 a6 6. Be2 g6 7. Be3 Nc6 8. f4
Bg7 9. O-O O-O 10. Kh1 Qc7 11. Bg1 Nxd4 12. Bxd4 Rd8 13. Bf3 e5 14. Be3 b5 15.
g4 Bb7 16. g5 Nd7 17. f5 gxf5 18. exf5 Nb6 19. Bxb6 Qxb6 20. f6 Bf8 21. Nd5
Bxd5 22. Bxd5 Rac8 23. Qh5 Rd7 24. g6 hxg6 25. Qxg6+ Kh8 26. Qh5+ 1-0